 Dungeon Crawl Stone Soup version 0.30-a0-5-g3a90980b9d (webtiles) character file.

Game seed: 14789217143838668313

21 Nedwor the Cutter (level 2, 0/22 HPs)
             Began as a Demonspawn Gladiator on Aug 22, 2022.
             Slain by a kobold
             ... wielding a +0 club
              (2 damage)
             ... on level 2 of the Dungeon.
             The game lasted 00:01:30 (1472 turns).

Nedwor the Cutter (Demonspawn Gladiator)            Turns: 1472, Time: 00:01:31

Health: 0/22       AC:  9    Str: 14    XL:     2   Next: 62%
Magic:  2/2        EV: 10    Int:  9    God:
Gold:   70         SH:  0    Dex: 14    Spells: 1/1 levels left

rFire   . . .      SeeInvis .    a - +0 rapier
rCold   . . .      Faith    .    (no shield)
rNeg    . . .      Spirit   .    i - +0 scale mail
rPois   .          Reflect  .    c - +0 helmet
rElec   .          Harm     .    (no cloak)
rCorr   .          Rampage  .    g - +0 pair of gloves
Will    .....                    k - +0 pair of boots
Stlth   ..........               (no amulet)
HPRegen 0.07/turn                (no ring)
MPRegen 0.08/turn                (no ring)

@: no status effects
A: weakness stinger 1
a: no special abilities


You were on level 2 of the Dungeon.
You visited 1 branch of the dungeon, and saw 2 of its levels.

You collected 70 gold pieces.

Inventory:

Hand Weapons
 a - a +0 rapier (weapon)
Missiles
 d - 3 throwing nets (quivered)
 e - a javelin
Armour
 c - a +0 helmet (worn)
 g - a +0 pair of gloves (worn)
 i - a +0 scale mail (worn)
 k - a +0 pair of boots (worn)
Scrolls
 b - a scroll of identify
Potions
 f - a potion of mutation
 h - 4 potions of heal wounds


   Skills:
 + Level 2.2 Fighting
 * Level 3.1 Short Blades
 - Level 1.7 Throwing
 + Level 0.6 Armour
 + Level 2.9 Dodging


You had one spell level left.
You didn't know any spells.
Your spell library was empty.

Dungeon Overview and Level Annotations

Branches:
Dungeon (2/15)

Altars:


Innate Abilities, Weirdness & Mutations

You have a small tail.


Message History

The kobold barely misses you. The adder bites you.
You are poisoned.
The adder poisons you!
You closely miss the adder.
You feel sick.
A hobgoblin comes into view.
The kobold closely misses you. The adder bites you but does no damage.
You miss the adder.
Your tail-slap misses the adder.
You feel sick. The adder bites you but does no damage. The adder bites you.
You are more poisoned.
The adder poisons you! The kobold barely misses you.
The adder barely misses you.
You closely miss the adder.
You feel sick. The adder misses you. The kobold misses you.
The adder bites you but does no damage. The adder misses you.
You are too injured to fight recklessly!
You are too injured to fight recklessly!
You are too injured to fight recklessly!
You are too injured to fight recklessly!
You are too injured to fight recklessly!
You are too injured to fight recklessly!
You are too injured to fight recklessly!
You are too injured to fight recklessly!
You are too injured to fight recklessly!
The adder attacks as you move away! The adder bites you but does no damage.
You feel sick. The kobold barely misses you.
You see here 12 gold pieces.
The adder attacks as you move away! The adder closely misses you.
You feel sick. The adder bites you.
You feel sick.
You feel sick. The adder attacks as you move away!
The adder closely misses you.
You feel sick. The adder bites you but does no damage.
The adder attacks as you move away! The adder bites you but does no damage.
The kobold attacks as you move away! The kobold hits you with a +0 club.
* * * LOW HITPOINT WARNING * * *
x2 You feel sick.
You are no longer poisoned.
The kobold attacks as you move away! The kobold hits you but does no damage.
You barely miss the adder. The kobold hits you with a +0 club.
You die...

.# .# # ##. #. #..###
##.# #.#.. ####...######
#.#.#
#.........S@########.#.#
#.##...####SK.)........#
##.# #g.#######.#.# #.
#..# #.#.##### # #..#
#........ #..# #......##
#..# #......# #..#
#......## ###.###$.#
##......#


You could see 2 adders, a hobgoblin and a kobold.

Vanquished Creatures
  4 endoplasms
  2 giant cockroaches (D:1)
  2 goblins
  2 hobgoblins (D:1)
  A quokka (D:1)
  2 ball pythons (D:1)
  3 bats (D:1)
  A frilled lizard (D:1)
  2 kobolds (D:1)
19 creatures vanquished.

Notes
Turn   | Place    | Note
-------+----------+-------------------------------------------
     0 | D:1      | Nedwor the Demonspawn Gladiator began the quest for the
                  | Orb.
     0 | D:1      | Reached XP level 1. HP: 16/16 MP: 1/1
   759 | D:1      | Discovered your monstrous ancestry.
   759 | D:1      | Gained mutation: You have a small tail. [demonic ancestry]
   759 | D:1      | Reached XP level 2. HP: 22/22 MP: 2/2
   824 | D:1      | Reached skill level 3 in Short Blades
  1468 | D:2      | HP: 1/22 [poisoned by an adder]
  1472 | D:2      | Slain by a kobold

Illustrated notes

Levels and vault maps discovered:
D:1:      dpeg_arrival_long_road, layout_basic
D:2:      layout_loops_ring, basic_ecumenical_altar, uniq_terence, uniq_sigmund,
          uniq_crazy_yiuf_cottage

Skill      XL: |  1  2 |
---------------+-------+-----
Short Blades   | 3 |  3.1
Fighting       | |  2.2
Throwing       | |  1.7
Armour         | |  0.6
Dodging        | |  2.9

Action                   || total
-------------------------++-------
Melee: Rapier            ||    63
       Punch             ||     1
       Tailslap          ||     3
  Use: Scroll            ||     4
Armor: Scale mail        ||    32
       Leather armour    ||     3
Dodge: Dodged            ||    42

Table legend: (Time is in decaauts)
 A = Elapsed time spent in this place.
 B = Non-inter-level travel time spent in this place.
 C = Inter-level travel time spent in this place.
 D = Time resting spent in this place.
 E = Time spent auto-exploring this place.
 F = Levels seen in this place.
 G = Mean time per level.
                   A        B        C        D        E       F      G
               +--------+--------+--------+--------+--------+-----+--------+
         Total |   1475 |   1460 |     15 |    346 |    902 |   2 |  737.5 |
       Dungeon |   1475 |   1460 |     15 |    346 |    902 |   2 |  737.5 |
               +--------+--------+--------+--------+--------+-----+--------+

Top non-repeatable levels by time:
     D:1: 1319 daAuts
     D:2: 155 daAuts
